AoeStats
← LiquidSteel71

Arena

510547471Analyzed
4v4 RM · 1d ago on Oct 1, 2026· 58m 36s· 8 players
Game mode
Random Map
Map size
Large (8 player)
Population
200
Speed
Normal
Resources
Standard
Victory
Conquest
Starting age
Dark Age
Ending age
Imperial Age
RankedLock teamsTeams togetherTeam positionsShared explorationLock speedFull tech treeHidden civsTurbo modeCheats
Victory
Defeat
🇨🇳 Cumans · China
1468
+12
1388
+15
🇨🇳 Persians · China
1366
+17
🇨🇳 Turks · China
1361
+16
🇺🇸 Saxons · United States
1390
-15
🇺🇸 Wu · United States
1388
-16
🇫🇷 Italians · France
1383
-15
🇦🇷 Byzantines · Argentina
1342
-14
七七2025
11:05 Feudal Age
15:08 Castle Age
12:50 Horse Collar
13:31 Double-Bit Axe
16:03 Bow Saw
21:13 Loom
22:59 Wheelbarrow
22:27 Heavy Plow
23:47 Bloodlines
24:00 Gold Mining
27:04 Hand Cart
28:33 Scale Barding Armor
29:37 Forging
29:46 Town Watch
31:35 Chain Barding Armor
33:46 Imperial Age
31:08 Stone Mining
31:55 Gold Shaft Mining
31:57 Iron Casting
33:37 Cavalier
35:15 Light Cavalry
35:21 Cavalier
36:03 Husbandry
36:40 Plate Barding Armor
38:08 Blast Furnace
38:11 Two-Man Saw
37:42 Crop Rotation
37:36 Ballistics
37:27 Masonry
39:12 Savar
40:57 Stone Shaft Mining
40:16 Fletching
41:30 Chemistry
40:26 Murder Holes
41:03 Architecture
41:35 Hussar
46:08 Bodkin Arrow
46:49 Conscription
48:56 Hoardings
48:37 Scale Mail Armor
48:38 Padded Archer Armor
50:34 Elite War Elephant
54:54 Town Patrol
57:38 Caravan
liwenbin
8:17 Feudal Age
8:48 Double-Bit Axe
8:46 Horse Collar
16:25 Wheelbarrow
20:00 Castle Age
20:58 Bow Saw
20:51 Heavy Plow
21:16 Hand Cart
24:27 Loom
29:11 Imperial Age
26:48 Fletching
27:53 Bodkin Arrow
29:21 Ballistics
29:55 Padded Archer Armor
30:28 Coinage
30:08 Guilds
30:25 Conscription
31:18 Leather Archer Armor
31:09 Scale Barding Armor
31:16 Bloodlines
30:34 Onager
31:35 Capped Ram
33:51 Light Cavalry
36:16 Chain Barding Armor
36:00 Elite Kipchak
37:47 Plate Barding Armor
41:03 Chemistry
41:05 Forging
41:07 Steppe Husbandry
41:39 Ring Archer Armor
41:20 Siege Ram
42:10 Hussar
46:17 Iron Casting
45:13 Man-at-Arms
45:54 Squires
46:39 Thumb Ring
45:55 Elite Skirmisher
47:01 Parthian Tactics
47:30 Long Swordsman
48:11 Scale Mail Armor
49:12 Blast Furnace
49:44 Two-Handed Swordsman
50:39 Chain Mail Armor
50:51 Pikeman
51:33 Champion
52:26 Caravan
54:54 Halberdier
56:06 Plate Mail Armor
蒙古冲车加条子
7:24 Loom
10:00 Feudal Age
13:37 Castle Age
12:10 Double-Bit Axe
12:08 Horse Collar
12:56 Loom
14:34 Bow Saw
19:48 Heavy Plow
21:03 Wheelbarrow
28:11 Imperial Age
25:50 Scale Mail Armor
26:00 Forging
26:33 Squires
26:19 Gambesons
26:46 Forging
26:58 Gold Mining
26:59 Stone Mining
27:33 Hand Cart
28:25 Chain Mail Armor
29:26 Iron Casting
29:45 Plate Mail Armor
28:50 Man-at-Arms
29:17 Capped Ram
29:55 Elite Varangian Guard
31:11 Iron Casting
30:16 Man-at-Arms
34:09 Blast Furnace
33:56 Masonry
38:50 Man-at-Arms
39:36 Pikeman
42:21 Town Watch
42:57 Fletching
43:08 Padded Archer Armor
42:39 Elite Skirmisher
44:21 Bodkin Arrow
45:16 Leather Archer Armor
45:34 Bracer
47:02 Ballistics
49:11 Chemistry
49:04 Leather Archer Armor
49:31 Light Cavalry
50:11 Husbandry
50:16 Pikeman
52:44 Caravan
56:38 Ring Archer Armor
56:55 Scale Barding Armor
57:58 Chain Barding Armor
NocturnalPharmakon
0:27 Loom
1:16 Loom
11:01 Feudal Age
11:33 Loom
15:21 Castle Age
14:32 Double-Bit Axe
24:09 Wheelbarrow
27:23 Hand Cart
26:57 Town Watch
32:21 Imperial Age
29:41 Horse Collar
32:02 Town Patrol
31:56 Fletching
33:28 Bow Saw
34:26 Elite Janissary
36:13 Heavy Plow
36:04 Gold Mining
35:43 Capped Ram
37:32 Conscription
45:16 Scale Barding Armor
45:06 Bodkin Arrow
49:10 Siege Ram
49:59 Artillery
50:11 Masonry
49:43 Treadmill Crane
49:48 Arrowslits
50:24 Ballistics
51:09 Hoardings
51:57 Two-Man Saw
51:33 Gold Shaft Mining
51:00 Bracer
53:07 Coinage
52:47 Guilds
52:37 Caravan
58:48 Padded Archer Armor
LiquidSteel71
10:43 Feudal Age
14:11 Castle Age
12:14 Double-Bit Axe
12:32 Horse Collar
15:23 Scale Mail Armor
14:46 Pikeman
15:57 Bow Saw
23:03 Wheelbarrow
22:18 Loom
23:23 Gold Mining
28:38 Imperial Age
26:32 Forging
26:53 Chain Mail Armor
27:12 Squires
26:58 Arson
29:29 Iron Casting
30:04 Plate Mail Armor
34:11 Blast Furnace
38:17 Fletching
38:46 Caravan
38:55 Murder Holes
40:01 Chemistry
40:15 Conscription
40:59 Halberdier
42:52 Ballistics
44:38 Gold Shaft Mining
43:53 Stone Mining
45:14 Bodkin Arrow
45:19 Padded Archer Armor
47:32 Stone Shaft Mining
49:21 Scale Barding Armor
49:17 Bracer
49:00 Heavy Hei Guang Cavalry
49:40 Husbandry
49:51 Bloodlines
50:48 Chain Barding Armor
52:17 Plate Barding Armor
55:05 Leather Archer Armor
Chase_The_Dragon
5:57 Loom
9:00 Feudal Age
10:01 Town Watch
10:41 Fletching
12:43 Wheelbarrow
15:38 Horse Collar
15:48 Double-Bit Axe
23:09 Castle Age
23:15 Stone Mining
23:17 Gold Mining
24:09 Bow Saw
30:05 Imperial Age
28:01 Bodkin Arrow
44:29 Gold Shaft Mining
44:10 Caravan
46:36 Scale Mail Armor
46:46 Forging
47:48 Chain Mail Armor
48:50 Iron Casting
48:07 Elite Varangian Guard
48:49 Squires
48:58 Arson
49:08 Shield Wall
50:09 Conscription
50:09 Heavy Plow
Inf4me
10:27 Feudal Age
14:36 Castle Age
12:32 Double-Bit Axe
12:27 Horse Collar
15:39 Bow Saw
15:29 Heavy Plow
16:15 Heavy Plow
19:46 Loom
20:39 Wheelbarrow
21:12 Town Watch
22:01 Stone Mining
28:15 Imperial Age
25:40 Fletching
25:51 Padded Archer Armor
26:11 Gold Mining
26:57 Stone Shaft Mining
27:29 Hand Cart
27:30 Leather Archer Armor
27:13 Bodkin Arrow
28:08 Leather Archer Armor
28:06 Thumb Ring
28:36 Ballistics
28:08 Treadmill Crane
29:24 Bracer
30:25 Chemistry
30:42 Two-Man Saw
30:53 Conscription
30:44 Elite Genoese Crossbowman
33:04 Ring Archer Armor
33:07 Crop Rotation
36:12 Capped Ram
38:55 Town Patrol
39:07 Forging
38:57 Scale Mail Armor
40:41 Silk Road
41:19 Squires
41:04 Arson
41:35 Chain Mail Armor
41:55 Iron Casting
44:52 Scale Barding Armor
45:48 Blast Furnace
46:38 Bloodlines
46:28 Husbandry
45:49 Light Cavalry
46:51 Chain Barding Armor
48:58 Crossbowman
51:08 Arbalester
54:48 Elite Skirmisher
58:23 Plate Barding Armor
Agua Mineral
10:41 Feudal Age
11:35 Double-Bit Axe
11:33 Horse Collar
16:50 Castle Age
16:43 Gold Mining
16:44 Stone Mining
18:58 Wheelbarrow
18:54 Heavy Plow
19:07 Bow Saw
22:47 Gold Shaft Mining
24:45 Loom
26:25 Fletching
27:03 Bodkin Arrow
30:39 Imperial Age
28:42 Hand Cart
29:09 Stone Shaft Mining
28:47 Forging
28:42 Scale Barding Armor
30:39 Iron Casting
30:45 Chain Barding Armor
30:43 Elite Cataphract
32:05 Heavy Camel Rider
33:21 Plate Barding Armor
33:08 Husbandry
33:50 Conscription
33:42 Logistica
36:45 Bracer
37:48 Treadmill Crane
38:29 Ballistics
39:01 Padded Archer Armor
40:13 Chemistry
39:07 Elite Skirmisher
41:11 Two-Man Saw
41:02 Leather Archer Armor
49:22 Pikeman
50:03 Squires
50:13 Halberdier
53:15 Scale Mail Armor
55:27 Gambesons
56:06 Chain Mail Armor
56:22 Ring Archer Armor
56:40 Light Cavalry
Connection lost

Rejoining the realm…

Still unreachable

The connection could not be restored.

Session expired

The server has moved on; the page needs a fresh start.